MLB
CHICAGO WHITE SOX @ MILWAUKEE BREWERS
09/22/2047
 
TOP OF THE 1ST
Chicago White Sox batting - Pitching for Milwaukee Brewers : LHP Lewis Thorpe Jr.
Pitching: LHP Lewis Thorpe Jr.
Batting: RHB Jon Solano 0-0: SINGLE (Groundball, 4MD, EV 96.2 MPH)
Batting: RHB Joseph Disepolo 0-0: Called Strike
0-1: Fly out, F9 (Flyball, 9D, EV 98.8 MPH)
Batting: RHB Steve Castleberry 0-0: Called Strike
0-1: Ball
1-1: Ball
2-1: Ball
3-1: Base on Balls
Jon Solano to second
Batting: RHB Chris Cooper 0-0: Ball
1-0: Called Strike
1-1: Ball
2-1: Ball
3-1: Fly out, F4 (Popup, 4S, EV 75.0 MPH)
Batting: RHB Leo Navarro 0-0: Ball
1-0: Ball
2-0: Ball
3-0: Base on Balls
Jon Solano to third
Steve Castleberry to second
Batting: LHB Jack Christie 0-0: Foul Ball, location: 2F
0-1: Ball
1-1: Called Strike
1-2: Strikes out looking
Top of the 1st over - 0 runs, 1 hit, 0 errors, 3 left on base; Chicago 0 - Milwaukee 0
BOTTOM OF THE 1ST
Milwaukee Brewers batting - Pitching for Chicago White Sox : RHP Xenophon Valvis
Pitching: RHP Xenophon Valvis
Batting: RHB Akitada Nishizawa 0-0: Ball
1-0: Called Strike
1-1: Ball
2-1: Ball
3-1: Base on Balls
Batting: SHB Junzo Kato 0-0: Called Strike
0-1: Ball
1-1: Bunted foul
1-2: Ball
2-2: Foul Ball, location: 2F
2-2: Foul Ball, location: 2F
2-2: Strikes out looking
Batting: SHB Pat Wilson 0-0: Ball
1-0: Ball
2-0: Foul Ball, location: 2F
2-1: 2-RUN HOME RUN (Flyball, 9D, EV 103.8 MPH), Distance : 394 ft
Batting: SHB Lewis Thorpe Jr. 0-0: Ball
1-0: Foul Ball, location: 2F
1-1: Swinging Strike
1-2: Fly out, F8 (Flyball, 89M, EV 85.6 MPH)
Batting: RHB Dave Gonzalez 0-0: Swinging Strike
0-1: Foul Ball, location: 2F
0-2: Strikes out swinging
Bottom of the 1st over - 2 runs, 1 hit, 0 errors, 0 left on base; Chicago 0 - Milwaukee 2
TOP OF THE 2ND
Chicago White Sox batting - Pitching for Milwaukee Brewers : LHP Lewis Thorpe Jr.
Batting: RHB Matt Thompson 0-0: Called Strike
0-1: Ball
1-1: Ball
2-1: Called Strike
2-2: Strikes out swinging
Batting: RHB Jason Moss 0-0: Ball
1-0: Foul Ball, location: 2F
1-1: Foul Ball, location: 2F
1-2: Strikes out swinging
Batting: SHB Rich Chavez 0-0: Ball
1-0: Ball
2-0: Ball
3-0: Called Strike
3-1: Swinging Strike
3-2: Foul Ball, location: 2F
3-2: Foul Ball, location: 2F
3-2: Strikes out looking
Top of the 2nd over - 0 runs, 0 hits, 0 errors, 0 left on base; Chicago 0 - Milwaukee 2
BOTTOM OF THE 2ND
Milwaukee Brewers batting - Pitching for Chicago White Sox : RHP Xenophon Valvis
Batting: RHB Daniel Donovan 0-0: Ground out 4-3 (Groundball, 34D, EV 88.1 MPH)
Batting: RHB Kisho Ito 0-0: Called Strike
0-1: Ball
1-1: Foul Ball, location: 2F
1-2: Fly out, F9 (Line Drive, 9, EV 90.6 MPH)
Batting: RHB Sadataka Kuwahara 0-0: Ball
1-0: Ground out 6-3 (Groundball, 6MD, EV 83.8 MPH)
Bottom of the 2nd over - 0 runs, 0 hits, 0 errors, 0 left on base; Chicago 0 - Milwaukee 2
TOP OF THE 3RD
Chicago White Sox batting - Pitching for Milwaukee Brewers : LHP Lewis Thorpe Jr.
Batting: RHB Jon Solano 0-0: Ball
1-0: Ball
2-0: Ball
3-0: Foul Ball, location: 2F
3-1: Foul Ball, location: 2F
3-2: Strikes out swinging
Batting: RHB Joseph Disepolo 0-0: Foul Ball, location: 2F
0-1: Ball
1-1: Fly out, F7 (Flyball, 7D, EV 106.9 MPH)
Batting: RHB Steve Castleberry 0-0: Ball
1-0: Ground out 5-3 (Groundball, 56S, EV 88.8 MPH)
Top of the 3rd over - 0 runs, 0 hits, 0 errors, 0 left on base; Chicago 0 - Milwaukee 2
BOTTOM OF THE 3RD
Milwaukee Brewers batting - Pitching for Chicago White Sox : RHP Xenophon Valvis
Batting: RHB Ben Campbell 0-0: Ball
1-0: Foul Ball, location: 2F
1-1: Ball
2-1: Foul Ball, location: 2F
2-2: Ball
3-2: Base on Balls
Batting: RHB Akitada Nishizawa 0-0: Ball
1-0: Fly out, F8 (Flyball, 8LD, EV 98.8 MPH)
Batting: SHB Junzo Kato 0-0: Ball
1-0: Foul Ball, location: 2F
1-1: Foul Ball, location: 2F
1-2: Foul Ball, location: 2F
1-2: Grounds into double play, 6-4-3 (Groundball, 56, EV 88.1 MPH)
Bottom of the 3rd over - 0 runs, 0 hits, 0 errors, 0 left on base; Chicago 0 - Milwaukee 2
TOP OF THE 4TH
Chicago White Sox batting - Pitching for Milwaukee Brewers : LHP Lewis Thorpe Jr.
Batting: RHB Chris Cooper 0-0: Fly out, F4 (Popup, 3D, EV 68.8 MPH)
Batting: RHB Leo Navarro 0-0: Ball
1-0: Swinging Strike
1-1: Ball
2-1: Swinging Strike
2-2: Foul Ball, location: 2F
2-2: Foul Ball, location: 2F
2-2: Strikes out swinging
Batting: LHB Jack Christie 0-0: Ground out 6-3 (Groundball, 6, EV 83.1 MPH)
Top of the 4th over - 0 runs, 0 hits, 0 errors, 0 left on base; Chicago 0 - Milwaukee 2
BOTTOM OF THE 4TH
Milwaukee Brewers batting - Pitching for Chicago White Sox : RHP Xenophon Valvis
Batting: SHB Pat Wilson 0-0: Called Strike
0-1: Ball
1-1: Fly out, F3 (Line Drive, 3, EV 66.2 MPH)
Batting: SHB Lewis Thorpe Jr. 0-0: Fly out, F8 (Flyball, 8RD, EV 95.0 MPH)
Batting: RHB Dave Gonzalez 0-0: Ball
1-0: Ball
2-0: Ball
3-0: Base on Balls
Batting: RHB Daniel Donovan 0-0: Ball
1-0: 2-RUN HOME RUN (Flyball, 7LD, EV 99.4 MPH), Distance : 367 ft
Batting: RHB Kisho Ito 0-0: Swinging Strike
0-1: Swinging Strike
0-2: Foul Ball, location: 2F
0-2: Foul Ball, location: 2F
0-2: Ball
1-2: Foul Ball, location: 2F
1-2: Hit by Pitch
Batting: RHB Sadataka Kuwahara 0-0: Ball
Kisho Ito steals 2nd base
1-0: Fly out, F7 (Flyball, 7S, EV 98.1 MPH)
Bottom of the 4th over - 2 runs, 1 hit, 0 errors, 1 left on base; Chicago 0 - Milwaukee 4
TOP OF THE 5TH
Chicago White Sox batting - Pitching for Milwaukee Brewers : LHP Lewis Thorpe Jr.
Batting: RHB Matt Thompson 0-0: Ball
1-0: Ball
2-0: Ball
3-0: Called Strike
3-1: Foul Ball, location: 2F
3-2: Strikes out swinging
Batting: RHB Jason Moss 0-0: Ball
1-0: Ball
2-0: Called Strike
2-1: Ground out 6-3 (Groundball, P, EV 76.9 MPH)
Batting: SHB Rich Chavez 0-0: Swinging Strike
0-1: Ball
1-1: Called Strike
1-2: Ball
2-2: Foul Ball, location: 2F
2-2: Foul Ball, location: 2F
2-2: Ball
3-2: Strikes out swinging
Top of the 5th over - 0 runs, 0 hits, 0 errors, 0 left on base; Chicago 0 - Milwaukee 4
BOTTOM OF THE 5TH
Milwaukee Brewers batting - Pitching for Chicago White Sox : RHP Xenophon Valvis
Batting: RHB Ben Campbell 0-0: Ball
1-0: Ball
2-0: Ground out 4-3 (Groundball, 4, EV 76.2 MPH)
Batting: RHB Akitada Nishizawa 0-0: Called Strike
0-1: Ground out 5-3 (Groundball, 56, EV 85.6 MPH)
Batting: SHB Junzo Kato 0-0: Foul Ball, location: 2F
0-1: Swinging Strike
0-2: Ball
1-2: Ball
2-2: Foul Ball, location: 2F
2-2: Ball
3-2: SINGLE (Line Drive, 89M, EV 94.4 MPH)
Batting: SHB Pat Wilson 0-0: Ball
Pickoff Throw to First - Error! E1
Junzo Kato to second
1-0: Swinging Strike
1-1: Ball
2-1: Called Strike
2-2: Ground out 6-3 (Groundball, 6S, EV 71.2 MPH)
Bottom of the 5th over - 0 runs, 1 hit, 1 error, 1 left on base; Chicago 0 - Milwaukee 4
TOP OF THE 6TH
Chicago White Sox batting - Pitching for Milwaukee Brewers : LHP Lewis Thorpe Jr.
Batting: RHB Jon Solano 0-0: Called Strike
0-1: Ball
1-1: Ball
2-1: Swinging Strike
2-2: Strikes out swinging
Batting: RHB Joseph Disepolo 0-0: Called Strike
0-1: Foul Ball, location: 2F
0-2: Ball
1-2: Strikes out looking
Batting: RHB Steve Castleberry 0-0: Swinging Strike
0-1: Foul Ball, location: 2F
0-2: Fly out, F7 (Flyball, 7, EV 81.9 MPH)
Top of the 6th over - 0 runs, 0 hits, 0 errors, 0 left on base; Chicago 0 - Milwaukee 4
BOTTOM OF THE 6TH
Milwaukee Brewers batting - Pitching for Chicago White Sox : RHP Xenophon Valvis
Batting: SHB Lewis Thorpe Jr. 0-0: Called Strike
0-1: Ball
1-1: Foul Ball, location: 2F
1-2: Foul Ball, location: 2F
1-2: Hit by Pitch
Batting: RHB Dave Gonzalez 0-0: Ball
Lewis Thorpe Jr. is caught stealing 2nd base 2-4
1-0: Ball
2-0: Called Strike
2-1: SINGLE (Groundball, 56D, EV 97.5 MPH)
Batting: RHB Daniel Donovan 0-0: Foul Ball, location: 2F
0-1: Called Strike
0-2: Strikes out swinging
Batting: RHB Kisho Ito 0-0: Ball
1-0: Ground out 4-3 (Groundball, 4, EV 105.0 MPH)
Bottom of the 6th over - 0 runs, 1 hit, 0 errors, 1 left on base; Chicago 0 - Milwaukee 4
TOP OF THE 7TH
Chicago White Sox batting - Pitching for Milwaukee Brewers : LHP Lewis Thorpe Jr.
Batting: RHB Chris Cooper 0-0: Called Strike
0-1: Fly out, F8 (Flyball, 8LXD, EV 79.4 MPH)
Pitching: RHP Chris Geraci
Batting: RHB Leo Navarro 0-0: Called Strike
0-1: SINGLE (Groundball, 6D, EV 105.0 MPH)
Batting: LHB Jack Christie 0-0: Called Strike
0-1: Ball
1-1: Ball
2-1: Foul Ball, location: 2F
2-2: Ball
3-2: Base on Balls
Leo Navarro to second
Batting: RHB Matt Thompson 0-0: Ball
1-0: Foul Ball, location: 2F
1-1: Swinging Strike
1-2: Ball
2-2: Ball
Balk!
Leo Navarro to third
Jack Christie to second
3-2: Base on Balls
Batting: RHB Jason Moss 0-0: Called Strike
0-1: Ball
1-1: Foul Ball, location: 2F
1-2: Strikes out looking
Batting: SHB Rich Chavez 0-0: Called Strike
0-1: Swinging Strike
0-2: Ball
1-2: Ball
2-2: Strikes out looking
Top of the 7th over - 0 runs, 1 hit, 0 errors, 3 left on base; Chicago 0 - Milwaukee 4
BOTTOM OF THE 7TH
Milwaukee Brewers batting - Pitching for Chicago White Sox : RHP Xenophon Valvis
Batting: RHB Sadataka Kuwahara 0-0: Called Strike
0-1: Ball
1-1: Ball
2-1: Called Strike
2-2: Ground out 6-3 (Groundball, 6, EV 85.6 MPH)
Batting: RHB Ben Campbell 0-0: Foul Ball, location: 2F
0-1: Ball
1-1: Swinging Strike
1-2: Ball
2-2: Ball
3-2: Ground out 5-3 (Groundball, 56S, EV 85.0 MPH)
Batting: RHB Akitada Nishizawa 0-0: Swinging Strike
0-1: Foul Ball, location: 2F
0-2: Strikes out swinging
Bottom of the 7th over - 0 runs, 0 hits, 0 errors, 0 left on base; Chicago 0 - Milwaukee 4
TOP OF THE 8TH
Chicago White Sox batting - Pitching for Milwaukee Brewers : RHP Chris Geraci
Pitching: RHP Mekonen Mahfudh
Batting: RHB Jon Solano 0-0: Called Strike
0-1: Foul Ball, location: 2F
0-2: Strikes out swinging
Batting: RHB Joseph Disepolo 0-0: Ball
1-0: Foul Ball, location: 2F
1-1: Foul Ball, location: 2F
1-2: Foul Ball, location: 2F
1-2: Foul Ball, location: 2F
1-2: Ball
2-2: Ground out 3-1 (Groundball, 34, EV 105.0 MPH)
Batting: RHB Steve Castleberry 0-0: Called Strike
0-1: Ball
1-1: Ball
2-1: SOLO HOME RUN (Flyball, 7D, EV 104.4 MPH), Distance : 397 ft
Batting: RHB Chris Cooper 0-0: Ball
1-0: Foul Ball, location: 2F
1-1: Ball
2-1: Ball
3-1: Foul Ball, location: 2F
3-2: Strikes out looking
Top of the 8th over - 1 run, 1 hit, 0 errors, 0 left on base; Chicago 1 - Milwaukee 4
BOTTOM OF THE 8TH
Milwaukee Brewers batting - Pitching for Chicago White Sox : RHP Xenophon Valvis
Batting: SHB Junzo Kato 0-0: SINGLE (Line Drive, 56D, EV 100.0 MPH)
Batting: SHB Pat Wilson 0-0: Ball
1-0: Ball
2-0: Ball
3-0: Base on Balls
Junzo Kato to second
Batting: SHB Lewis Thorpe Jr. 0-0: Ball
1-0: Ball
2-0: Called Strike
2-1: Foul Ball, location: 2F
2-2: Ball
3-2: Base on Balls
Junzo Kato to third
Pat Wilson to second
Pitching: RHP Mike Willig
Batting: RHB Dave Gonzalez 0-0: Called Strike
0-1: Called Strike
0-2: Strikes out swinging
Batting: RHB Daniel Donovan 0-0: Ball
1-0: Ball
2-0: Ball
3-0: Base on Balls
Junzo Kato scores
Pat Wilson to third
Lewis Thorpe Jr. to second
Batting: RHB Kisho Ito 0-0: Swinging Strike
0-1: Ball
1-1: Swinging Strike
1-2: Strikes out looking
Batting: RHB Sadataka Kuwahara 0-0: Called Strike
0-1: Ball
1-1: DOUBLE (Groundball, 3L, EV 98.1 MPH)
Pat Wilson scores
Lewis Thorpe Jr. scores
Daniel Donovan to third
Runner from 3rd tries for Home, SAFE, throw by RF to home
Batting: RHB Ben Campbell 0-0: 2-RUN HOME RUN (Flyball, 9LD, EV 95.6 MPH), Distance : 367 ft
Pitching: LHP John Murray
Pinch Hitting: SHB Mike Williams 0-0: DOUBLE (Flyball, 8RXD, EV 110.0 MPH)
Batting: SHB Junzo Kato 0-0: Fly out, F9 (Flyball, 89S, EV 80.0 MPH)
Bottom of the 8th over - 6 runs, 4 hits, 0 errors, 1 left on base; Chicago 1 - Milwaukee 10
TOP OF THE 9TH
Chicago White Sox batting - Pitching for Milwaukee Brewers : RHP Mekonen Mahfudh
Now in RF: Mike Williams
Batting: RHB Leo Navarro 0-0: Ball
1-0: Called Strike
1-1: Ground out 5-3 (Groundball, 56, EV 90.6 MPH)
Batting: LHB Jack Christie 0-0: Ball
1-0: Swinging Strike
1-1: Foul Ball, location: 2F
1-2: Ground out 4-3 (Groundball, 4, EV 87.5 MPH)
Batting: RHB Matt Thompson 0-0: Ball
1-0: Foul Ball, location: 2F
1-1: Fly out, F5 (Popup, 5SF, EV 77.5 MPH)
Top of the 9th over - 0 runs, 0 hits, 0 errors, 0 left on base; Chicago 1 - Milwaukee 10
Thursday, December 15th , 2022 - OOTP Baseball 23.9 Build 102